 Dungeon Crawl Stone Soup version 0.29-a0-911-g88e6f02907 (webtiles) character file.

Game seed: 10183875224524751933

373215 dolemite99 the Slayer (level 22, -8/181 (191) HPs)
             Began as a Minotaur Gladiator on July 26, 2022.
             Was an Initiate of Gozag.
             Killed from afar by a deep elf zephyrmancer (16 damage)
             ... with a bolt of lightning
             ... on level 3 of the Elven Halls.
             The game lasted 01:31:37 (75112 turns).

dolemite99 the Slayer (Minotaur Gladiator)         Turns: 75112, Time: 01:31:38

HP:   -8/181 (191)  AC: 30    Str: 41    XL:     22   Next: 4%
MP:   0/34          EV: 13    Int:  9    God:    Gozag
Gold: 243           SH: 19    Dex: 13    Spells: 36/40 levels left

rFire   + + .      SeeInvis +   b - +2 broad axe (flame)
rCold   . . .      Faith    .   n - +0 tower shield
rNeg    . . .      Spirit   +   O - +3 plate armour {rF+}
rPois   .          Reflect  .   S - +2 hat {Will+}
rElec   .          Harm     .   R - +2 cloak
rCorr   .          Rampage  .   p - +2 pair of gloves
Will    +++..                   g - +0 pair of boots "Umesel" {Str+4}
Stlth   ..........              s - amulet "Ubydad" {Spirit rF+ Will+ Str+4 Int+2}
HPRegen 0.40/turn               t - +6 ring of strength {=R}
MPRegen 0.24/turn               F - ring of see invisible

@: about to teleport, drained
A: horns 2, retaliatory headbutt, frail 1
}: 1/15 runes: barnacled
a: Renounce Religion, Potion Petition, Call Merchant, Bribe Branch


You were on level 3 of the Elven Halls.
You worshipped Gozag.
Gozag was aware of your devotion.
You visited 9 branches of the dungeon, and saw 39 of its levels.
You visited the Abyss 1 time.
You visited 1 bazaar.
You also visited: Ice Cave.

You collected 16839 gold pieces.
You spent 5257 gold pieces at shops.
You paid 11339 gold pieces to Gozag.

Inventory:

Hand Weapons
 a - a +2 vorpal morningstar
 b - a +2 broad axe of flaming (weapon)
 M - a +1 broad axe
Missiles
 d - 15 throwing nets (quivered)
 z - 9 javelins
 Q - 17 poisoned darts
 T - 14 silver javelins
 U - 3 silver boomerangs
 Y - 20 boomerangs
Armour
 g - the +0 pair of boots "Umesel" (worn) {Str+4}
   (You bought it in a shop on level 1 of the Elven Halls)

   Str:       It affects your strength (+4).
 n - a +0 tower shield (worn)
 p - a +2 pair of gloves (worn)
 q - a +5 chain mail of poison resistance
 L - a +2 kite shield of protection
 O - a +3 plate armour of fire resistance (worn)
 R - a +2 cloak (worn)
 S - a +2 hat of willpower (worn)
Jewellery
 e - a +4 ring of evasion
 f - a ring of protection from cold
 l - a ring of resist corrosion
 m - the amulet "Zofuff" {Spirit Will++}
   (You found it on level 1 of the Vaults)

   [amulet of guardian spirit]

   It causes incoming damage to be divided between your reserves of health and
   magic.
   Will:      It greatly increases your willpower.
 r - a ring of willpower
 s - the amulet "Ubydad" (around neck) {Spirit rF+ Will+ Str+4 Int+2}
   (You found it on level 7 of the Dungeon)

   [amulet of guardian spirit]

   It causes incoming damage to be divided between your reserves of health and
   magic.
   Str:       It affects your strength (+4).
   Int:       It affects your intelligence (+2).
   rF:        It protects you from fire.
   Will:      It increases your willpower.
 t - a +6 ring of strength (left hand) {=R}
 w - a ring of protection from fire
 A - a ring of wizardry
 B - an amulet of regeneration
 F - a ring of see invisible (right hand)
 J - a +4 ring of protection
 W - a +4 ring of evasion
 X - a ring of flight
 Z - a ring of poison resistance
Wands
 E - a wand of polymorph (9)
 K - a wand of paralysis (11)
 V - a wand of digging (3)
Scrolls
 j - 2 scrolls of fog
 k - 7 scrolls of poison
 C - 3 scrolls of silence
 I - 29 scrolls of identify {@r1}
Potions
 h - 5 potions of attraction
 i - a potion of flight
 o - 5 potions of brilliance
 x - a potion of resistance
 D - 8 potions of ambrosia
 G - 5 potions of lignification
 P - 5 potions of magic
Miscellaneous
 c - a lightning rod (inert)


   Skills:
 - Level 21.4 Fighting
 - Level 15.7(18.0) Axes
 - Level 14.0(16.9) Maces & Flails
 - Level 3.2(10.8) Polearms
 - Level 9.0 Throwing
 - Level 15.0 Armour
 - Level 13.0 Dodging
 + Level 15.8 Shields
 - Level 9.7 Spellcasting
 - Level 6.5 Transmutations
 - Level 9.8 Earth Magic
 - Level 12.1 Evocations


You had 36 spell levels left.
You knew the following spells:

 Your Spells              Type           Power      Damage    Failure   Level
a - Wereblood             Tmut           16%        N/A       19%         2
b - Passwall              Tmut/Erth      15%        N/A       10%         2

Your spell library contained the following spells:

 Spells                   Type           Power      Damage    Failure   Level
 Sandblast                Erth           44%        2d11      3%          1
 Sting                    Tmut/Pois      40%        1d5       43%         1
 Petrify                  Tmut/Erth      19%        N/A       52%         4
 Stone Arrow              Conj/Erth      26%        3d8       56%         3
 Lee's Rapid Deconstruct  Erth           11%        3d9*      65%         5
 Magic Dart               Conj           16%        1d3       87%         1
 Shock                    Conj/Air       16%        1d4       87%         1
 Summon Small Mammal      Summ           16%        N/A       87%         1
 Leda's Liquefaction      Hex/Erth       6%         N/A       93%         4
 Call Imp                 Summ           4%         N/A       95%         2
 Ensorcelled Hibernation  Hex/Ice        8%         N/A       95%         2
 Poisonous Vapours        Pois/Air       8%         N/A       95%         2
 Searing Ray              Conj           8%         2d4       95%         2
 Sublimation of Blood     Necr           4%         N/A       95%         2
 Call Canine Familiar     Summ           4%         N/A       99%         3
 Dazzling Flash           Conj/Hex       8%         N/A       99%         3
 Gell's Gravitas          Tloc           4%         N/A       99%         3
 Lesser Beckoning         Tloc           4%         N/A       99%         3
 Mephitic Cloud           Conj/Pois/Air  4%         N/A       99%         3
 Summon Guardian Golem    Hex/Summ       4%         N/A       99%         3
 Swiftness                Air            4%         N/A       99%         3
 Teleport Other           Tloc           4%         N/A       99%         3
 Ice Form                 Ice/Tmut       10%        N/A       99%         4
 Airstrike                Air            2%         0-2+      100%        4
 Anguish                  Hex/Necr       2%         N/A       100%        4
 Dispel Undead            Necr           4%         3d7       100%        4
 Fulminant Prism          Conj/Hex       2%         3d6       100%        4
 Hailstorm                Conj/Ice       4%         3d4       100%        4
 Olgreb's Toxic Radiance  Pois           4%         N/A       100%        4
 Fireball                 Conj/Fire      2%         3d4       100%        5
 Irradiate                Conj/Tmut      5%         3d13      100%        5
 Metabolic Englaciation   Hex/Ice        2%         N/A       100%        5
 Dispersal                Tloc           2%         N/A       100%        6
 Starburst                Conj/Fire      2%         6d3       100%        6
 Statue Form              Tmut/Erth      12%        N/A       100%        6
 Summon Hydra             Summ           2%         N/A       100%        7
 Borgnjor's Revivificati  Necr           2%         N/A       100%        8
 Disjunction              Tloc           2%         N/A       100%        8
 Ignition                 Fire           2%         3d3       100%        8
 Maxwell's Capacitive Co  Air            2%         ∞         100%        8
 Corpse Rot               Necr/Pois/Air  Unusable   N/A       N/A         4
 Simulacrum               Ice/Necr       Unusable   N/A       N/A         6

Dungeon Overview and Level Annotations

Branches:
Dungeon (15/15)            Temple (1/1) D:6            Lair (5/5) D:10
 Shoals (4/4) Lair:3        Snake (4/4) Lair:2        Slime (0/5) Lair:5
    Orc (2/2) D:10            Elf (3/3) Orc:2        Vaults (4/5) D:14
  Crypt (0/3) Vaults:3     Depths (1/4) D:15          IceCv (visited)

Altars:
Dithmenos
Elyvilon
Gozag
Hepliaklqana
Kikubaaqudgha
Nemelex Xobeh
Ru
Sif Muna
Trog
Uskayaw
Vehumet
Wu Jian
Xom
Zin
The Shining One

Shops:
D:2 :   D:6 [   D:8 (   D:10 [(   D:13 *   D:14 :*   Orc:1 [   Orc:2 [[*?
Elf:1 [?   Shoals:3 *   Snake:4 (   Vaults:1 [

Annotations:
D:6 exclusion: downstairs
Lair:5 exclusion: oklob plant
Shoals:4 Ilsuiw
Snake:1 3 runed translucent doors, exclusion: downstairs, Affed's ghost, adept TrGl
Snake:4 Mara
Elf:2 1 runed translucent door


Innate Abilities, Weirdness & Mutations

You have a pair of horns on your head.
You reflexively headbutt those who attack you in melee.
You are frail. (-10% HP)


Message History

[c] - 486 gold - resistance and invisibility Purchase which effect?
You no longer have enough gold to petition Gozag for potion effects.
You feel much better.
You feel better. Magic courses through your body.
The deep elf elementalist casts a spell at you.
The fireball explodes!
The fireball engulfs you! You resist.
* * * LOW HITPOINT WARNING * * *
The deep elf death mage casts a spell at you.
The bolt of negative energy hits you!!
You feel drained.
* * * LOW HITPOINT WARNING * * *
A deep elf demonologist comes into view.
It is wielding a +1 vorpal long sword.
The deep elf master archer wields a +0 longbow.
The deep elf master archer shoots an arrow.
You block the arrow.
The deep elf high priest invokes the aid of its god against you.
Something smites you!
* * * LOW HITPOINT WARNING * * *
The deep elf high priest shouts!
You hear a shout! x2
The deep elf master archer shoots an arrow.
You block the arrow.
The deep elf annihilator mumbles some strange words.
The deep elf annihilator blinks!
The deep elf high priest mumbles some strange prayers.
The deep elf high priest invokes the aid of its god against you.
The sphere of damnation explodes!
The damnation engulfs you!
* * * LOW HITPOINT WARNING * * *
The deep elf master archer shoots an arrow.
The arrow hits you.
* * * LOW HITPOINT WARNING * * *
You hear a shout!
A deep elf annihilator and a deep elf sorcerer come into view.
The deep elf sorcerer shouts!
The deep elf zephyrmancer shouts!
The deep elf elementalist gestures at the stone wall while chanting.
You hear rumbling.
The deep elf master archer shoots an arrow.
The arrow hits you but does no damage.
The deep elf zephyrmancer casts a spell at you.
The bolt of lightning hits you!!
You die...
Your body crumbles into a pile of gold.

##.... ... ...#...ee
.... .......e.## #....
..........###..... $
##e.........#..e...
##..........ee..§.°.
##.....#....e.e...E..
##.....###...........#
#....@## ##...e...*e##
##.....###......ee...#
##.....#........ee...
##...ee.............
##...eee....#......
......ee(e###.....
.e......e.#
.....#..eee.
.....###...e.


You could see a deep elf blademaster, a deep elf master archer, 4 deep elf
annihilators, a deep elf death mage, 3 deep elf sorcerers, a deep elf
elementalist (fast, repels missiles), 2 deep elf demonologists, 2 deep elf high
priests, a deep elf zephyrmancer and a +4 flail of protection.

Vanquished Creatures
  Vashnia (Snake:2)
  Saint Roka (Snake:1)
  Asterion (Snake:2)
  5 tentacled starspawn (Abyss:3)
  Frances (Elf:1)
  4 sphinxes
  Roxanne (Shoals:1)
  Donald (Elf:1)
  3 nagarajas
  Aizul (Snake:1)
  A deep elf sorcerer (Elf:3)
  A cacodemon (Abyss:3)
  3 orc warlords
  15 vault wardens
  Louise (D:14)
  16 ironbound preservers
  8 very ugly things
  2 vampire knights (Vaults:3)
  A stone giant (Vaults:2)
  8 ironbound thunderhulks
  5 entropy weavers
  12 dire elephants
  Azrael (Snake:2)
  4 merfolk impalers (Shoals:2)
  3 crystal guardians
  An eidolon (Vaults:3)
  5 great orbs of eyes
  2 ettins
  2 deep elf death magi (Elf:3)
  5 yaktaur captains
  The ghost of Aurophilus the Cleaver, a journeyman MiFi of Okawaru (D:11)
  Erolcha (D:9)
  A caustic shrike simulacrum (IceCv)
  2 salamander tyrants
  7 vault guards
  14 hydras
  4 boulder beetles
  Erica (D:9)
  7 ironbound frosthearts
  4 merfolk avatars
  2 peacekeepers
  6 two-headed ogres
  2 death knights
  12 centaur warriors (Vaults:1)
  2 catoblepae
  17 anacondas
  28 dancing weapons
  A satyr (Shoals:3)
  16 naga warriors
  3 death yaks (Lair:5)
  A tengu warrior (D:13)
  4 thrashing horrors (Abyss:3)
  4 orc high priests
  15 naga sharpshooters
  Nergalle (D:10)
  3 wretched stars (Abyss:3)
  3 shock serpents
  8 deep elf knights
  A hell knight (Vaults:2)
  8 sea snakes
  4 salamander mystics (Snake:3)
  11 naga ritualists
  5 deep elf archers
  42 deep trolls
  The ghost of Yogidamonk the Cleaver, a novice MiBe of Trog (D:6)
  A glowing orange brain (Vaults:4)
  Pikel (D:6)
  11 orc knights
  22 harpies
  A harpy (shapeshifter) (D:14)
  6 wizards
  15 deep elf zephyrmancers
  17 ironbound convokers
  4 mana vipers
  3 necromancers
  8 manticores
  A sphinx zombie (Vaults:1)
  14 deep elf pyromancers
  2 cyclopes
  35 ugly things
  20 salamanders
  4 fauns (Shoals:3)
  A manticore (shapeshifter) (D:14)
  A shining eye (Abyss:3)
  7 orc sorcerers
  11 elephants
  2 human skeletons (Vaults:1)
  4 water nymphs
  3 merfolk sirens
  3 guardian serpents
  Joseph (D:7)
  17 vault sentinels
  38 black mambas
  2 smoke demons (Abyss:3)
  19 naga magi
  A torpor snail (Lair:5)
  A water nymph (shapeshifter) (D:15)
  12 cane toads
  A kobold demonologist (D:11)
  Maggie (D:10)
  3 rime drakes (Lair:5)
  2 gargoyles (D:12)
  A rime drake (shapeshifter) (D:13)
  10 komodo dragons
  Psyche (D:8)
  34 yaktaurs
  2 efreet (D:14)
  2 red devils (Abyss:3)
  3 tengu conjurers
  A queen bee (shapeshifter) (D:13)
  3 meliai (D:13)
  11 merfolk
  2 ancient zymes (Abyss:3)
  7 trolls
  3 polar bears (Lair:3)
  A blink frog (Lair:5)
  Prince Ribbit (D:6)
  6 wind drakes
  A hornet (D:7)
  A tarantella (Vaults:4)
  4 snapping turtles
  2 raiju (Abyss:3)
  31 slime creatures
  6 starcursed masses (Abyss:3)
  6 flying skulls (Abyss:3)
  An air elemental (Abyss:3)
  2 centaur simulacra
  8 water elementals
  A spriggan (shapeshifter) (D:14)
  50 yaks
  An ettin skeleton (Vaults:1)
  A jumping spider (shapeshifter) (D:14)
  A vampire (D:11)
  2 ynoxinuls (Abyss:3)
  7 wyverns
  8 large abominations
  Eustachio (D:6)
  7 basilisks
  6 fire elementals
  A hog (shapeshifter) (D:14)
  A chaos spawn (Abyss:3)
  5 steam dragons
  5 redbacks
  A neqoxec (Abyss:3)
  12 vampire mosquitoes
  46 nagas
  3 wargs
  Duvessa (D:4)
  3 acid dragons
  26 water moccasins
  2 hell hounds (Snake:2)
  A black bear (shapeshifter) (D:14)
  33 orc warriors
  An ice beast (D:7)
  2 meliai simulacra
  2 black bears (D:6)
  5 centaurs
  A boggart (D:14)
  3 ogres
  21 wolves
  2 alligator simulacra (IceCv)
  2 lemures (D:6)
  4 kobold brigands
  11 bullfrogs
  3 elf zombies (Elf:3)
  2 gnoll sergeants
  4 scorpions
  3 necrophages
  An earth elemental (Elf:1)
  Dowan (D:4)
  8 killer bees (D:10)
  5 lindwurm simulacra (IceCv)
  4 howler monkeys
  An electric eel (Lair:3)
  7 small abominations (Abyss:3)
  A quasit (Abyss:3)
  3 jellies (D:6)
  14 orc priests
  5 hounds
  A gnoll bouda (D:7)
  4 iguanas
  15 orc wizards
  4 hell rats (Lair:5)
  25 gnolls
  11 adders
  2 shadow imps
  2 white imps (D:6)
  2 ufetubi
  3 worms (D:2)
  2 dart slugs (D:1)
  49 orcs
  6 bats
  5 endoplasms
  4 giant cockroaches
  16 goblins
  9 hobgoblins
  4 quokkas
  6 ball pythons
  17 kobolds
  2 rats (D:1)
  6 starspawn tentacles (Abyss:3)
1338 creatures vanquished.

Vanquished Creatures (collateral kills)
  The ghost of wingedge the Covert, an adept GrEn of Wu Jian (Shoals:3)
  2 merfolk javelineers
  2 merfolk impalers
  A merfolk aquamancer (Shoals:1)
  A satyr (Shoals:3)
  A naga sharpshooter (Snake:2)
  3 sea snakes (Shoals:4)
  5 harpies (Shoals:4)
  2 manticores (Shoals:4)
  4 fauns
  A black mamba (Snake:2)
  8 merfolk
  A hornet (D:10)
  2 snapping turtles
  2 water elementals
  3 centaurs (Shoals:4)
  A gnoll bouda (D:5)
  2 gnolls (D:5)
42 creatures vanquished.

Vanquished Creatures (others)
  A merfolk impaler (Shoals:3)
  A yaktaur captain (Vaults:3)
  2 merfolk avatars
  4 merfolk aquamancers (Shoals:4)
  2 wizards (Vaults:2)
  3 harpies (Shoals:3)
  A faun (Shoals:3)
  A manticore (Shoals:4)
  3 merfolk sirens (Shoals:4)
  2 wind drakes (Shoals:4)
  8 merfolk
  4 dream sheep (Shoals:4)
  A snapping turtle (Shoals:4)
  A water elemental (Shoals:3)
  39 fungi
  278 plants
  16 starspawn tentacles (Abyss:3)
367 creatures vanquished.

Grand Total: 1747 creatures vanquished

Notes
Turn   | Place    | Note
-------+----------+-------------------------------------------
     0 | D:1      | dolemite99 the Minotaur Gladiator began the quest for the
                  | Orb.
     0 | D:1      | Reached XP level 1. HP: 18/18 MP: 0/0
   394 | D:1      | Reached XP level 2. HP: 25/25 MP: 1/1
   936 | D:2      | Found a shimmering blue altar of Sif Muna.
   955 | D:2      | Found a faded altar of an unknown god.
   987 | D:2      | Reached skill level 5 in Axes
  1008 | D:2      | Reached XP level 3. HP: 25/30 MP: 2/2
  1717 | D:2      | Reached XP level 4. HP: 12/37 MP: 3/3
  2640 | D:2      | Found Wolackue's Vocational Training.
  3185 | D:3      | Reached XP level 5. HP: 38/42 MP: 4/4
  3743 | D:3      | Reached skill level 1 in Polearms
  4650 | D:4      | Got the Quarto of Fey Fog
  4661 | D:4      | Reached XP level 6. HP: 50/50 MP: 5/5
  4923 | D:4      | Found a shadowy altar of Dithmenos.
  5156 | D:4      | Noticed Dowan
  5157 | D:4      | Noticed Duvessa
  5170 | D:4      | Killed Duvessa
  5174 | D:4      | Killed Dowan
  5175 | D:4      | Reached XP level 7. HP: 44/56 MP: 6/6
  5556 | D:5      | Entered Level 5 of the Dungeon
  6125 | D:5      | Reached skill level 10 in Axes
  6465 | D:6      | Found Yntastru's Armour Emporium.
  6481 | D:6      | Bought a +2 buckler for 181 gold pieces
  6498 | D:6      | Noticed Pikel
  6511 | D:6      | Reached XP level 8. HP: 53/62 MP: 7/7
  6547 | D:6      | Killed Pikel
  6651 | D:6      | Noticed Eustachio
  6670 | D:6      | Killed Eustachio
  6671 | D:6      | Reached skill level 3 in Fighting
  6872 | D:6      | Noticed Prince Ribbit
  6873 | D:6      | Found a runed translucent gate.
  6873 | D:6      | Found a runed translucent gate.
  6873 | D:6      | Found a runed translucent gate.
  6875 | D:6      | Found an opulent altar of Gozag.
  6885 | D:6      | Reached skill level 4 in Fighting
  6887 | D:6      | Reached skill level 5 in Fighting
  6903 | D:6      | Killed Prince Ribbit
  6904 | D:6      | Reached skill level 6 in Fighting
  6904 | D:6      | Reached XP level 9. HP: 18/75 MP: 8/8
  6992 | D:6      | Noticed Yogidamonk's ghost (novice MiBe)
  7175 | D:6      | Found a staircase to the Ecumenical Temple.
  7204 | Temple   | Entered the Ecumenical Temple
  7221 | Temple   | Became a worshipper of Gozag Ym Sagoz the Greedy
  7275 | D:6      | Reached skill level 7 in Fighting
  7317 | D:6      | Noticed a boulder beetle
  7444 | D:7      | Reached skill level 8 in Fighting
  7537 | D:7      | Noticed a six-headed hydra
  7604 | D:7      | Noticed Joseph
  7619 | D:7      | Killed Joseph
  7620 | D:7      | Reached skill level 9 in Fighting
  8021 | D:7      | Reached skill level 10 in Fighting
  8333 | D:7      | Killed a six-headed hydra
  8460 | D:7      | Paralysed by a hornet for 2 turns
  8468 | D:7      | Reached skill level 5 in Maces & Flails
  8468 | D:7      | Reached XP level 10. HP: 45/94 MP: 9/9
  8664 | D:6      | Killed a boulder beetle
  9323 | D:7      | Identified the amulet "Ubydad" {Spirit rF+ Will+ Str+4
                  | Int+2}
  9529 | D:7      | Reached skill level 1 in Armour
  9990 | D:8      | Identified the +8 falchion of Broken Luck {vorpal, rPois
                  | rF+ MP-9}
 10013 | D:8      | Reached skill level 1 in Shields
 10776 | D:8      | Noticed Psyche
 10783 | D:8      | Killed Psyche
 10925 | D:8      | Found a bloodstained altar of Trog.
 11159 | D:8      | Found Picat's Weapon Shoppe.
 11354 | D:9      | Noticed Erica
 11370 | D:9      | Killed Erica
 11371 | D:9      | Reached skill level 5 in Armour
 11801 | D:9      | Found an ancient bone altar of Kikubaaqudgha.
 11826 | D:9      | Identified the +6 flail "Ibediuri" {speed, Dex+3 SInv}
 12015 | D:9      | Noticed Erolcha
 13453 | D:9      | Killed Erolcha
 13848 | D:2      | Bought a manual of Evocations for 800 gold pieces
 13994 | D:10     | Entered Level 10 of the Dungeon
 14043 | D:10     | Noticed Maggie
 14050 | D:10     | Killed Maggie
 14051 | D:10     | Reached XP level 11. HP: 101/101 MP: 10/10
 14361 | D:10     | Found Emeufyk's Armour Emporium.
 14370 | D:10     | Found a staircase to the Orcish Mines.
 14373 | D:10     | Found Imostrargh's Weapon Emporium.
 14373 | D:10     | Noticed Nergalle
 15139 | D:10     | Killed Nergalle
 15140 | D:10     | Reached skill level 5 in Evocations
 15387 | D:10     | Bought a +2 chain mail of poison resistance for 203 gold
                  | pieces
 16356 | D:10     | Found a staircase to the Lair.
 16659 | Lair:1   | Entered Level 1 of the Lair of Beasts
 16783 | Lair:1   | Noticed a four-headed hydra
 16794 | Lair:1   | Killed a four-headed hydra
 16860 | Lair:1   | Reached skill level 10 in Evocations
 17226 | Lair:1   | Reached skill level 11 in Fighting
 17471 | Lair:1   | Reached skill level 12 in Fighting
 17474 | Lair:1   | Reached XP level 12. HP: 106/112 MP: 11/11
 17917 | Lair:1   | Reached skill level 13 in Fighting
 17993 | Lair:1   | Noticed a catoblepas
 18011 | Lair:1   | Killed a catoblepas
 18229 | Lair:2   | Noticed a seven-headed hydra
 18234 | Lair:2   | Killed a seven-headed hydra
 18307 | Lair:2   | Reached skill level 14 in Fighting
 18392 | Lair:2   | Found a gate leading to a gauntlet.
 18402 | Lair:2   | Found a staircase to the Snake Pit.
 18461 | Lair:2   | Reached skill level 15 in Fighting
 18606 | Lair:2   | Noticed a five-headed hydra
 18611 | Lair:2   | Killed a five-headed hydra
 19579 | Lair:3   | Noticed an eight-headed hydra
 19605 | Lair:2   | Killed an eight-headed hydra
 19606 | Lair:2   | Reached skill level 16 in Fighting
 19719 | Snake:1  | Entered Level 1 of the Snake Pit
 20158 | Lair:2   | Reached skill level 10 in Maces & Flails
 20290 | Lair:3   | Noticed a catoblepas
 20296 | Lair:3   | Killed a catoblepas
 20297 | Lair:3   | Reached XP level 13. HP: 130/130 MP: 12/12
 21411 | Lair:3   | Found a staircase to the Shoals.
 22602 | Lair:5   | Entered Level 5 of the Lair of Beasts
 23288 | Lair:5   | Reached skill level 5 in Shields
 24189 | Lair:5   | Identified the +10 shortbow of Ozxu {freeze, Str+4 Int+7
                  | Dex-5}
 24356 | Lair:5   | Reached XP level 14. HP: 127/138 MP: 10/13
 24378 | Lair:5   | Reached skill level 17 in Fighting
 24474 | Lair:5   | Found a staircase to the Slime Pits.
 25578 | D:11     | Found a transporter.
 25578 | D:11     | Identified the +9 giant club of Analysis {holy, Fragile
                  | rCorr Str+2}
 25578 | D:11     | Identified the +6 dire flail "Undertaker" {vorpal, rElec
                  | Will- Dex+10}
 25578 | D:11     | Noticed Aurophilus's ghost (journeyman MiFi)
 25642 | D:11     | Found a transporter.
 26209 | D:12     | Found a hide-covered altar of Uskayaw.
 26795 | D:13     | Found Xiwnuc's Assorted Antiques.
 27090 | D:13     | Found a flickering gateway to a bazaar.
 27122 | Bazaar   | Entered a bazaar
 27340 | Bazaar   | Found Juraeh's Antique Armour Shoppe.
 27340 | Bazaar   | Found Gifeiguk's Antique Armour Emporium.
 27360 | Bazaar   | Found Setid's Antique Weapon Shoppe.
 27360 | Bazaar   | Found Ipsacari's Magic Scroll Emporium.
 27405 | Bazaar   | Found Qati's Jewellery Shoppe.
 27405 | Bazaar   | Found Unto's Armour Emporium.
 27456 | Bazaar   | Bought an amulet of reflection for 360 gold pieces
 27482 | Bazaar   | Bought a ring of protection from cold for 300 gold pieces
 27482 | Bazaar   | Bought a ring of see invisible for 180 gold pieces
 27523 | Bazaar   | Bought an embroidered cloak for 165 gold pieces
 27675 | Bazaar   | Bought a scroll of blinking for 67 gold pieces
 28538 | D:13     | Found Wepsar's Weapon Boutique.
 28760 | D:14     | Reached skill level 10 in Armour
 29315 | D:14     | Bought a glass wand for 156 gold pieces
 29315 | D:14     | Bought a wand of flame (9) for 245 gold pieces
 29315 | D:14     | Bought a scroll of enchant weapon for 292 gold pieces
 29999 | D:14     | Found Ezeurof's Book Boutique.
 30011 | D:14     | Found a gate to the Vaults.
 30044 | D:14     | Reached skill level 10 in Shields
 30662 | D:14     | Noticed Louise
 30678 | D:14     | Killed Louise
 31338 | Orc:1    | Entered Level 1 of the Orcish Mines
 31740 | Orc:1    | Found Vurih's Antique Armour Shoppe.
 31800 | Orc:2    | Entered Level 2 of the Orcish Mines
 31860 | Orc:2    | Found a staircase to the Elven Halls.
 31891 | Orc:2    | Noticed an orc warlord
 32130 | Orc:2    | Killed an orc warlord
 33535 | Orc:2    | Reached XP level 15. HP: 112/148 MP: 11/14
 33544 | Orc:2    | Reached skill level 5 in Throwing
 34101 | Orc:2    | Found Ileegaj's Magic Scroll Boutique.
 34181 | Orc:2    | Found Rywuon's Antique Armour Boutique.
 34303 | Orc:2    | Found Vublisid's Armour Emporium.
 34310 | Orc:2    | Bought a +0 hat of willpower for 176 gold pieces
 34324 | Orc:2    | Found Odotius's Assorted Antiques.
 34351 | Orc:2    | Bought a scroll of brand weapon for 152 gold pieces
 34354 | Orc:2    | Bought a scroll of fear for 64 gold pieces
 34354 | Orc:2    | Bought a scroll of immolation for 64 gold pieces
 34354 | Orc:2    | Bought a scroll of teleportation for 48 gold pieces
 34361 | Orc:2    | Bought a scroll of enchant armour for 195 gold pieces
 34361 | Orc:2    | Bought a scroll of enchant armour for 195 gold pieces
 34365 | Orc:2    | Bought a lightning rod (4/4) for 780 gold pieces
 34367 | Orc:2    | Bought a scroll of enchant armour for 195 gold pieces
 34513 | D:13     | Bought a scroll of enchant armour for 202 gold pieces
 34560 | D:15     | Entered Level 15 of the Dungeon
 34659 | D:15     | Found a frozen archway.
 34682 | IceCv    | Entered an ice cave
 34700 | IceCv    | Found a transporter.
 34909 | IceCv    | Found a transporter.
 35336 | D:15     | Found a staircase to the Depths.
 36229 | Shoals:1 | Entered Level 1 of the Shoals
 36316 | Shoals:1 | Noticed Roxanne
 36337 | Shoals:1 | Killed Roxanne
 39095 | Shoals:2 | Reached skill level 15 in Axes
 39585 | Shoals:2 | Noticed a kraken
 40145 | Snake:1  | Noticed Aizul
 40685 | Snake:1  | Killed Aizul
 41215 | Snake:1  | Reached XP level 16. HP: 119/157 MP: 10/15
 41989 | Snake:1  | Noticed Affed's ghost (adept TrGl)
 41993 | Snake:1  | Found a runed translucent gate.
 42005 | Snake:1  | Found a runed translucent gate.
 42109 | Snake:1  | Found a runed translucent gate.
 44311 | Snake:2  | Noticed Saint Roka
 45127 | Snake:1  | Killed Saint Roka
 45847 | Snake:2  | Reached skill level 5 in Dodging
 45864 | Snake:2  | Noticed Vashnia
 46397 | Snake:2  | Killed Vashnia
 47821 | Snake:2  | Noticed Asterion
 47868 | Snake:2  | Noticed Azrael
 47878 | Snake:2  | Killed Azrael
 47902 | Snake:2  | Noticed an Executioner
 47909 | Snake:2  | Killed Asterion
 48359 | Snake:2  | Reached skill level 10 in Dodging
 49178 | Snake:3  | Reached XP level 17. HP: 108/163 MP: 8/16
 49817 | Snake:3  | Reached skill level 15 in Armour
 49863 | Snake:3  | Reached skill level 18 in Fighting
 51157 | Snake:4  | Entered Level 4 of the Snake Pit
 51438 | Shoals:3 | Found Juicuo's General Store.
 51581 | Shoals:3 | Reached skill level 19 in Fighting
 51703 | Shoals:3 | Found a runed translucent door.
 51704 | Shoals:3 | Noticed wingedge's ghost (adept GrEn)
 52216 | Shoals:4 | Entered Level 4 of the Shoals
 52478 | Shoals:4 | Got a barnacled rune of Zot
 52592 | Shoals:4 | Noticed Ilsuiw
 52715 | Shoals:4 | Identified the +10 plate armour "Caroerr" {Str+3}
 53024 | Shoals:4 | Found an ancient bone altar of Kikubaaqudgha.
 53643 | Snake:4  | Noticed Mara
 53667 | Snake:4  | Noticed dolemite99's illusion
 54457 | D:6      | Killed Yogidamonk's ghost
 54599 | D:11     | Killed Aurophilus's ghost
 55063 | Shoals:3 | Killed wingedge's ghost
 55503 | Vaults:1 | Entered Level 1 of the Vaults
 56196 | Vaults:1 | Reached XP level 18. HP: 139/176 MP: 12/17
 56298 | Vaults:1 | Found Noabbih's Antique Armour Shoppe.
 56304 | Vaults:1 | Identified the amulet "Zofuff" {Spirit Will++}
 56410 | Vaults:1 | Reached skill level 15 in Shields
 56436 | Vaults:1 | Reached skill level 1 in Spellcasting
 57172 | Vaults:1 | Reached skill level 5 in Spellcasting
 59425 | Vaults:2 | Identified the +8 arbalest of Subterfuge {freeze, rElec
                  | Int+4}
 59919 | Vaults:2 | Reached XP level 19. HP: 119/182 MP: 30/30
 60266 | Vaults:2 | Identified the +9 battleaxe "Demonbane" {vorpal, rElec}
 60932 | Vaults:2 | Learned a level 2 spell: Passwall
 60960 | Vaults:2 | Reached skill level 1 in Earth Magic
 62868 | Abyss:3  | Cast into level 3 of the Abyss (vault warden)
 63051 | Abyss:3  | Reached skill level 5 in Earth Magic
 63074 | Abyss:3  | Paralysed by an air elemental for 1 turns
 63079 | Abyss:3  | Paralysed by an air elemental for 1 turns
 63209 | Abyss:3  | Noticed a bone dragon
 63430 | Abyss:3  | Gained mutation: You are frail. (-10% HP) [a shining eye]
 63633 | Vaults:3 | Escaped the Abyss
 64646 | Vaults:3 | Found a staircase to the Crypt.
 65712 | Vaults:3 | Reached XP level 20. HP: 159/171 MP: 28/32
 66688 | Vaults:4 | Reached skill level 1 in Transmutations
 68470 | Vaults:3 | Reached skill level 5 in Transmutations
 69985 | Elf:1    | Entered Level 1 of the Elven Halls
 70282 | Elf:1    | Found Xorodow's Magic Scroll Emporium.
 70290 | Elf:1    | Identified the +0 kite shield of Amorality {Int-5 Slay+3
                  | Stlth+}
 70290 | Elf:1    | Noticed Donald
 70309 | Elf:1    | Killed Donald
 70347 | Elf:1    | Learned a level 2 spell: Wereblood
 70492 | Elf:1    | Bought a pair of bloodstained boots for 237 gold pieces
 70492 | Elf:1    | Identified the +0 pair of boots "Umesel" {Str+4} (You
                  | bought it in a shop on level 1 of the Elven Halls)
 70569 | Elf:1    | Noticed Frances
 70593 | Elf:1    | Killed Frances
 70860 | Elf:1    | You fall into a shaft and drop 1 floor!
 71039 | Elf:2    | Reached XP level 21. HP: 177/177 MP: 33/33
 71460 | Elf:2    | Reached skill level 20 in Fighting
 71773 | Elf:2    | Found a runed translucent door.
 71875 | Elf:2    | Found a runed translucent door.
 73609 | Snake:4  | Reached skill level 21 in Fighting
 73996 | Snake:4  | Found Jykleigo's Weapon Emporium.
 74541 | Depths:1 | Entered Level 1 of the Depths
 74802 | Elf:3    | Entered Level 3 of the Elven Halls
 74932 | Elf:3    | Got Appeecoo's Precepts of Gloom
 74953 | Elf:3    | Reached XP level 22. HP: 171/191 MP: 31/34
 75111 | Elf:3    | HP: 8/181 [deep elf master archer/arrow (3)]
 75112 | Elf:3    | Killed from afar by a deep elf zephyrmancer

Illustrated notes

Levels and vault maps discovered:
D:1:      dpeg_arrival_short_road, layout_basic
D:2:      minmay_skewed_foursquare, layout_basic,
          ebering_ecumenical_altar_abandoned, basic_altar, st_stairs_4,
          nicolae_shop_vocational
D:3:      layout_loops_ring
D:4:      layout_loops_ring, grunt_dithmenos_smoke_and_mirrors, minmay_circle_x,
          uniq_duvessa
D:5:      layout_basic
D:6:      cheibrodos_barr_body, layout_basic, temple_statues, serial_shops,
          shop, ebering_ghost_gozag, grunt_ministairs_11, uniq_pikel,
          uniq_prince_ribbit1, uniq_eustachio
D:7:      layout_cave_pods, enter_bailey_3, corexii_hall_statues_l, uniq_joseph
D:8:      layout_basic, general_overflow_altar, serial_shops,
          nicolae_shop_bloodbath_and_beyond, chequers_serial_rivers_small_b,
          minmay_misc_feat_square, nicolae_eternal_life, hangedman_decor_points,
          uniq_psyche
D:9:      layout_irregular_city, kiku_gazebo_pond_becter, uniq_erica,
          uniq_erolcha
D:10:     layout_loops_ring, erik_lair_dragon, orc_david_3, uniq_nergalle,
          uniq_maggie
D:11:     layout_irregular_city, gammafunk_ghost_smash
D:12:     layout_rooms, nicolae_uskayaw_en_pointe
D:13:     layout_rooms, serial_shops, bzr_entry_lakeside,
          nicolae_shop_statue_plus, shop
D:14:     layout_layer_cave, david_vaults_2, serial_shops, kennysheep_mini,
          chequers_serial_rivers_room_a, minmay_fractal_squares_5, uniq_louise
D:15:     hangedman_depths_entry_try_elsewhere_first, layout_gridville,
          portal_ice_cave_entry_pillars_2, minivault_14,
          hangedman_abyss_or_decor_clamps
Temple:   hellmonk_temple_of_storms
Lair:1:   layout_chaotic_city
Lair:2:   layout_regular_city, minmay_snake_entry_six_corridors,
          gauntlet_entry_generic, lemuel_fruit_fields, lemuel_fruit_tree
Lair:3:   layout_chaotic_city, minmay_shoals_entry_hut,
          cheibrodos_lair_lostbears, infiniplex_staircase_pool,
          grunt_megastairs_5
Lair:4:   layout_loops_ring
Lair:5:   gammafunk_lair_ancient_temple, layout_regular_city,
          minmay_slime_entry_oklob_enclosed, st_stairs_6
Shoals:1: layout_shoals, uniq_roxanne
Shoals:2: layout_shoals
Shoals:3: layout_shoals, serial_shops, nicolae_shop_waterfront,
          ebering_ghost_reflecting_pool
Shoals:4: shoals_end_grunt_garden, layout_shoals, shoals_ilsuiw_ice,
          nicolae_shoals_stone_sculpture_thing, lemuel_centaur_altar
Snake:1:  layout_basic, gammafunk_ghost_split, uniq_aizul
Snake:2:  layout_onion, nicolae_triple_integral, uniq_azrael, uniq_asterion,
          uniq_vashnia, uniq_saint_roka
Snake:3:  layout_cave_town, nicolae_snake_magic_snake_eye
Snake:4:  snake_pit, layout_cave_town, serial_shops, shop, uniq_mara
Orc:1:    layout_caves, basic_altar, serial_shops, shop_statue
Orc:2:    st_orc_elflike, layout_caves
Elf:1:    eino_elf_arrival_shootout, layout_geoelf_octagon, serial_shops,
          nicolae_take_the_stairs, evilmike_minifort, corner_web_ring,
          minmay_crystal_room, uniq_donald, uniq_frances
Elf:2:    nicolae_elf_blades_splatter_lattice
          [nicolae_blade_entry_splitting_headache], layout_loops_cross,
          st_stairs_13
Elf:3:    minmay_elf_hall_four_x, layout_loops_ring, special_room
          [special_room_mythical_zoo], minmay_elf_necromancy
Vaults:1: nicolae_vaults_angled_halls, v_pattern_3, v_misc_28, vaults_room_pool,
          grunt_vaults_swirl, vaults_room_boxed, ontoclasm_vaults_twist,
          ontoclasm_vaults_decontamination, nicolae_vaults_arrows,
          hangedman_vaults_stream, ontoclasm_vaults_ligature,
          grunt_vaults_hallway_short, ontoclasm_vaults_ring_square,
          nicolae_vaults_circle_grid_a, layout_vaults_maze_bifur, serial_shops,
          shop_fountains
Vaults:2: vaults_room_corners, nicolae_vaults_quadrants, v_alt_pattern_4,
          v_alt_pattern_6, v_rooms_6, nicolae_vaults_three_branches,
          hangedman_vaults_unwind, vaults_standard_mumra_lines,
          vaults_mumra_chevron, ontoclasm_vaults_tryst, v_misc_22,
          vaults_dpeg_ring, layout_vaults_omnicross
Vaults:3: v_alt_pattern_2, minmay_crypt_entry_simple_statues, v_rooms_1,
          vaults_dpeg_spiral, v_alt_pattern_5, vaults_room_semicircle,
          dpeg_vaults_monster_box, v_misc_30, layout_vaults_chaotic_city
Vaults:4: nicolae_vaults_disjoint_gnomons, hangedman_vaults_pinch,
          ontoclasm_vaults_spin, special_room_vaults [special_room_orc],
          nicolae_vaults_yaktaur_gun_rack, nicolae_vaults_border_crossing,
          layout_vaults_omnigrid
Depths:1: layout_roguey, serial_co_window_serial, co_window_paths_a,
          co_window_paths_b, co_window_corner_a, co_window_paths_a,
          co_window_corner_a, co_window_broadway_a, co_window_broadway_b,
          co_window_cross_2, co_window_paths_d, co_window_sun, glass_columns_b,
          glass_columns_a, glass_columns_c, glass_columns_a, glass_columns_a,
          serial_shops, shop, hangedman_geh_valley,
          minmay_shop_enchanted_jewellery, uniq_nikola

Skill      XL: |  1  2  3  4  5  6  7  8  9 10 11 12 13 14 15 16 17 18 19 20 21 |
---------------+----------------------------------------------------------------+-----
Axes           | 4 5 6 7 9 11 12 15 | 15.7
Polearms       | 3 |  3.2
Fighting       | 6 10 12 16 17 19 21 | 21.4
Maces & Flails | 5 9 10 14 | 14.0
Armour         | 6 11 14 15 | 15.0
Shields        | 3 9 11 12 14 15 | 15.8
Evocations     | 2 11 12 | 12.1
Throwing       | 4 9 |  9.0
Dodging        | 11 13 | 13.0
Spellcasting   | 8 9 |  9.7
Earth Magic    | 9 |  9.8
Transmutations | 6 |  6.5

Action                   |  1- 3 |  4- 6 |  7- 9 | 10-12 | 13-15 | 16-18 | 19-21 | 22-24 || total
-------------------------+-------+-------+-------+-------+-------+-------+-------+-------++-------
Melee: War axe           |    64 |    37 |    31 |     8 |       |       |       |       ||   140
       Headbutt          |    10 |    17 |    34 |   119 |   267 |   327 |   346 |     5 ||  1125
       Halberd           |       |    23 |       |       |       |       |       |       ||    23
       Hand axe          |       |    55 |   132 |   400 |       |       |       |       ||   587
       Punch             |       |       |     1 |       |       |       |       |       ||     1
       Morningstar       |       |       |     7 |   132 |   933 |    74 |    21 |       ||  1167
       Broad axe         |       |       |       |       |   104 |  1067 |  1142 |    30 ||  2343
Throw: Dart              |       |       |       |       |   135 |    28 |       |       ||   163
 Cast: Wereblood         |       |       |       |       |       |       |     4 |       ||     4
Invok: Potion Petition   |       |       |       |       |     1 |     5 |    10 |     2 ||    18
       Call Merchant     |       |       |       |       |     1 |       |     1 |       ||     2
       Bribe Branch      |       |       |       |       |       |     1 |       |       ||     1
Evoke: Wand              |       |       |     3 |    56 |    39 |    33 |    23 |       ||   154
       Lightning rod     |       |       |       |       |    11 |    35 |    26 |     3 ||    75
  Use: Scroll            |     1 |       |    11 |    11 |    18 |    15 |    11 |     4 ||    71
       Potion            |       |     2 |    12 |     1 |    15 |     6 |     6 |     3 ||    45
 Stab: Sleeping          |       |     2 |       |       |       |       |       |       ||     2
       Invisible         |       |       |     1 |     4 |     4 |       |       |       ||     9
       Distracted        |       |       |       |     3 |     9 |    18 |    14 |       ||    44
       Petrifying        |       |       |       |     1 |       |       |       |       ||     1
       Paralysed         |       |       |       |       |     5 |     8 |     5 |       ||    18
Armor: Leather armour    |    19 |     7 |       |       |       |       |       |       ||    26
       Scale mail        |       |    14 |    64 |     8 |       |       |       |       ||    86
       Chain mail        |       |       |       |   190 |   338 |   627 |   314 |       ||  1469
       Plate armour      |       |       |       |    14 |   250 |       |   119 |    19 ||   402
Dodge: Dodged            |    66 |    73 |   102 |   183 |   429 |   512 |   389 |     6 ||  1760
Block: Buckler           |       |       |    37 |   136 |   111 |       |       |       ||   284
       Kite shield       |       |       |       |       |   427 |   822 |   705 |       ||  1954
       Tower shield      |       |       |       |       |       |       |    24 |    29 ||    53

Table legend: (Time is in decaauts)
 A = Elapsed time spent in this place.
 B = Non-inter-level travel time spent in this place.
 C = Inter-level travel time spent in this place.
 D = Time resting spent in this place.
 E = Time spent auto-exploring this place.
 F = Levels seen in this place.
 G = Mean time per level.
                   A        B        C        D        E       F      G
               +--------+--------+--------+--------+--------+-----+--------+
         Total |  74676 |  68982 |   5694 |  27680 |  28316 |  42 | 1778.0 |
       Dungeon |  25950 |  22951 |   2999 |   9220 |  10217 |  15 | 1730.0 |
        Temple |     28 |     18 |     10 |      0 |      5 |   1 |   28.0 |
          Lair |  10648 |   9674 |    974 |   3928 |   4084 |   5 | 2129.6 |
        Shoals |   5616 |   5279 |    337 |   1474 |   2406 |   4 | 1404.0 |
     Snake Pit |  11590 |  10916 |    674 |   5913 |   2998 |   4 | 2897.5 |
  Orcish Mines |   3091 |   2933 |    158 |   1407 |    972 |   2 | 1545.5 |
   Elven Halls |   3352 |   3224 |    128 |    696 |   1730 |   3 | 1117.3 |
        Vaults |  12801 |  12392 |    409 |   4589 |   5528 |   4 | 3200.2 |
        Depths |     14 |     12 |      2 |      0 |      0 |   1 |   14.0 |
         Abyss |    728 |    728 |      0 |    154 |    116 |   1 |  728.0 |
        Bazaar |    584 |    584 |      0 |    125 |    259 |   1 |  584.0 |
      Ice Cave |    270 |    270 |      0 |    171 |      0 |   1 |  270.0 |
               +--------+--------+--------+--------+--------+-----+--------+

Top non-repeatable levels by time:
 Snake:1: 5109 daAuts
Vaults:3: 3872 daAuts
  Lair:2: 3677 daAuts
    D:14: 3356 daAuts
Vaults:4: 3302 daAuts
Vaults:2: 3061 daAuts
    D:10: 3014 daAuts
     D:9: 2699 daAuts
Vaults:1: 2565 daAuts
 Snake:2: 2429 daAuts
 Snake:3: 2371 daAuts
Shoals:2: 2148 daAuts
     D:6: 2145 daAuts
  Lair:5: 2109 daAuts
   Elf:2: 2090 daAuts
